Description

This build should be simple enough for lower level players, try and practice the build order and getting the right timing, most protosses will just lose to it.

VOD

https://www.youtube.com/watch?v=BNhwLSfiItM

Build Order

Get SALT Encoding   

  13  0:01  Probe x2  Rally first Probe to ramp
  14  0:19  Pylon  set Pylon for Adept wall
  24  0:20  Probe (Chrono Boost)  
  15  0:39  Gateway  Adept wall. Scout with that probe for CR
  17  0:48  Assimilator  when Minerals full, rally to gas
  18  0:59  Assimilator  rally to gas
  19  1:10  Gateway  Adept wall, then go to proxy location
  21  1:30  Cybernetics Core  
  22  1:40  Pylon  At Proxy - SET Camera Location
  23  1:59  Gateway  asap on Proxy Location, then scout with this Probe
  27  2:07  Stalker x2  
  27  2:08  Warp Gate (Chrono Boost)  Spend all Chronos for this upgrade
  27  2:23  Pylon  At mineral line (for possible Battery)
  31  2:24  Unknown  Scout with first 2 Stalkers for Proxy
  33  2:48  Stalker x3  
  33  3:06  Nexus  Pylon later
  39  3:33  Stalker x3  from Proxy Location, then attack
  39  3:39  Pylon  at Natural
  43  4:03  Stalker x3  keep pressuring or kill
  45  4:18  Robotics Facility  when u go macro after pressure
  47  4:22  Probe (Chrono Boost)  when u go macro after pressure
  51  4:32  Sentry x2  at natural for scouting and guardian shield
  58  4:59  Twilight Council  go chargae asap
Spawning Tool Build Advisor. Get it on Overwolf

Go to:

Details

  • Created by: Mor9oth  
  • Published on: Jul 02, 2020
  • Modified on: Jul 05, 2020
  • Patch: 4.11.0
  • Difficulty: Easy
Show
View Real Time Build Order
Export as new Build Order

Comments (0)

There are no comments. Be the first!

Create an account to comment!